[Event "Magnus Carlsen Invitational 2021"]
[Site "Online"]
[Date "2021.03.10"]
[Round "8.2"]
[White "Mamedyarov, Shakhriyar"]
[Black "Anton Guijarro, David"]
[Result "0-1"]
[ECO "B22"]
[WhiteElo "2761"]
[BlackElo "2674"]
[Annotator "ChessBase"]
[PlyCount "88"]
[EventDate "2021.03.13"]
[EventType "tourn"]
[EventCountry "NET"]
[Tiebreak "Koya+Number of black wins+Number of wins"]
[SourceTitle "playchess.com"]
[Source "ChessBase"]
[SourceQuality "1"]
[TimeControl "900+10"]

1. e4 c5 2. c3 Nf6 3. e5 Nd5 4. Bc4 Nb6 5. Bb3 Nc6 6. d4 cxd4 7. cxd4 d5 8.
Nc3 Bf5 9. h4 h5 10. Bg5 f6 11. exf6 gxf6 12. Be3 e6 13. Nge2 Bd6 14. Nf4 Kf7 15. Nxh5 Qg8 16. Qf3 Qg4 17. Qxg4 Bxg4 18. Ng3 Rag8 19. Rc1 a6 20. Kf1 Bxg3 21. fxg3 Bf5 22. Ne2 Bd3 23. Rd1 Bxe2+ 24. Kxe2 Rxg3 25. Kf2 Rhg8 26. Rh2 R3g4 27. h5 Na5 28. Bc2 Nbc4 29. Bg6+ Ke7 30. Bc1 Nc6 31. b3 Nd6 32. Be3 f5 33. Rh3 Ne4+ 34. Kg1 Kf6 35. Rf1 Rh8 36. Kh2 Rc8 37. Rc1 Rg8 38. Rf1 Nd6 39. Bf4 Nb5 40. Bc1 Ne7 41. a4 Nxd4 42. Bb2 Nxg6 43. hxg6 R8xg6 44. g3 Re4 0-1

[Event "Magnus Carlsen Invitational 2021"]
[Site "Online"]
[Date "2021.03.10"]
[Round "8.3"]
[White "Nepomniachtchi, Ian"]
[Black "Carlsen, Magnus"]
[Result "0-1"]
[ECO "B33"]
[WhiteElo "2778"]
[BlackElo "2881"]
[Annotator "ChessBase"]
[PlyCount "108"]
[EventDate "2021.03.13"]
[EventType "tourn"]
[EventCountry "NET"]
[Tiebreak "Koya+Number of black wins+Number of wins"]
[SourceTitle "playchess.com"]
[Source "ChessBase"]
[SourceQuality "1"]
[TimeControl "900+10"]

1. e4 c5 2. Nf3 Nc6 3. d4 cxd4 4. Nxd4 Nf6 5. Nc3 e5 6.
Ndb5 d6 7. Bg5 a6 8. Na3 b5 9. Nd5 Be7 10. Bxf6 Bxf6 11. c3 Ne7 12. Nxf6+ gxf6 13. Nc2 Bb7 14. Bd3 d5 15. Qe2 f5 16. O-O-O fxe4 17. Bxe4 Qc7 18. Bf3 O-O-O 19. g3 Kb8 20. Kb1 Nc8 21. Rhe1 Rhe8 22. Ne3 Nb6 23. Qc2 f6 24. Bg2 Rd6 25. Rd2 Red8 26. Red1 a5 27. a3 Nc4 28. Nxc4 bxc4 29. Qf5 Ka7 30. Ka1 Qd7 31. Qh5 Qc7 32. f4 e4 33. Rd4 Bc6 34. R1d2 Be8 35. Qe2 Bc6 36. Qe3 Qb6 37. f5 R6d7 38.
Qh6 Ba4 39. g4 Ka6 40. Bf1 Ka7 41. h4 Rb7 42. Qe3 Rdb8 43. g5 Bd7 44. gxf6 Bxf5 45. Qg5 Be6 46. Bxc4 Rg8 47. Qe5 Rg1+ 48. Ka2 dxc4 49. b4 cxb3+ 50. Kb2 e3 51. Qxe3 Ra1 52. Qe5 Ra2+ 53. Kb1 Rxd2 54. Rxd2 b2 0-1

[Event "Magnus Carlsen Invitational 2021"]
[Site "Online"]
[Date "2021.03.10"]
[Round "8.6"]
[White "Pichot, Alan"]
[Black "Van Foreest, Jorden"]
[Result "1/2-1/2"]
[ECO "C53"]
[WhiteElo "2548"]
[BlackElo "2543"]
[Annotator "ChessBase"]
[PlyCount "112"]
[EventDate "2021.03.13"]
[EventType "tourn"]
[EventCountry "NET"]
[Tiebreak "Koya+Number of black wins+Number of wins"]
[SourceTitle "playchess.com"]
[Source "ChessBase"]
[SourceQuality "1"]
[TimeControl "900+10"]

1. e4 e5 2. Nf3 Nc6 3. Bc4 Bc5 4. c3 d6 5. d4 Bb6 6. dxe5 Bg4 7. exd6 Nf6 8. h3 Bxf3 9. Qxf3 Qxd6 10. Bf4 Ne5 11. Bxe5 Qxe5 12. Nd2 O-O-O 13. O-O-O Rd7 14. Qf5 Qxf5 15. exf5 Bxf2 16. Nf3 Re7 17. g4 Ne4 18. Kc2 Rhe8 19. Rh2 Bc5 20. b4 Be3 21. Bd5 Nf6 22. Re2 Nxd5 23. Rxd5 c6 24. Rd1 Bf4 25. Rxe7 Rxe7 26. Rd4 Be3 27. Rc4 Bb6 28. b5 Kd7 29. bxc6+ bxc6 30. Kd2 Kd6 31. Rb4 h6 32. a4 Kd5 33. a5 Bxa5 34. Rd4+ Kc5 35. f6 gxf6 36. Rf4 Bd8 37. Rf5+ Kb6 38.
Rh5 Bc7 39. Kc2 Re3 40. Rf5 Be5 41. Kd2 Re4 42. Nxe5 fxe5 43. Rxf7 Rf4 44. Rxf4 exf4 45. h4 a5 46. g5 hxg5 47. hxg5 a4 48. g6 a3 49. g7 a2 50. g8=Q a1=Q 51. Qb8+ Kc5 52. Qb4+ Kd5 53. Qd4+ Ke6 54. Qe4+ Kd7 55. Qd4+ Kc8 56. Qxf4 Qb2+ 1/2-1/2

[Event "Magnus Carlsen Invitational 2021"]
[Site "Online"]
[Date "2021.03.10"]
[Round "8.8"]
[White "Aronian, Levon"]
[Black "Dubov, Daniil"]
[Result "1/2-1/2"]
[ECO "B60"]
[WhiteElo "2778"]
[BlackElo "2770"]
[Annotator "ChessBase"]
[PlyCount "114"]
[EventDate "2021.03.13"]
[EventType "tourn"]
[EventCountry "NET"]
[Tiebreak "Koya+Number of black wins+Number of wins"]
[SourceTitle "playchess.com"]
[Source "ChessBase"]
[SourceQuality "1"]
[TimeControl "900+10"]

1. e4 c5 2. Nf3 d6 3. d4 cxd4 4. Nxd4 Nf6 5. Nc3 Nc6 6. Bg5 g6 7. Bxf6 exf6 8. Bb5 Bd7 9. Nde2 Be6 10. Qd2 Bg7 11. Nf4 O-O 12. Nxe6 fxe6 13. Rd1 f5 14. Qxd6 Nd4 15. Qxd8 Rfxd8 16. Bd3 b5 17. exf5 gxf5 18. Nxb5 Nxb5 19. Bxb5 Rxd1+ 20. Kxd1 Bxb2 21. Ke2 Rc8 22. Ba4 Rc7 23. Rd1 Kf7 24. Bb3 Ke7 25. Kf1 Rd7 26. Re1 e5 27. Re3 Kf6 28. Rh3 Kg5 29. Be6 Re7 30. Bd5 e4 31. Ke2 Bd4 32. Rb3 Rc7 33.
c4 Rc5 34. Ra3 Rc8 35. f3 exf3+ 36. Rxf3 Re8+ 37. Kd3 Bc5 38. Rh3 Re7 39. Rg3+ Kf4 40. Kd2 Re3 41. Rg7 Ra3 42. Rxh7 Rxa2+ 43. Kd3 a5 44. Rc7 Ra3+ 45. Kc2 Bb4 46. Kb2 Rc3 47. Rb7 Re3 48. Bf3 Rc3 49. Bd5 Re3 50. h4 Kg4 51. Rh7 a4 52. Bf3+ Kf4 53. Rb7 Rb3+ 54. Ka2 Ra3+ 55. Kb2 Rb3+ 56. Ka2 Ra3+ 57. Kb2 Rb3+ 1/2-1/2

[Event "Magnus Carlsen Invitational 2021"]
[Site "Online"]
[Date "2021.03.10"]
[Round "9.1"]
[White "Dubov, Daniil"]
[Black "Giri, Anish"]
[Result "1/2-1/2"]
[ECO "D41"]
[WhiteElo "2770"]
[BlackElo "2731"]
[Annotator "RC"]
[PlyCount "93"]
[EventDate "2021.03.13"]
[EventType "tourn"]
[EventCountry "NET"]
[Tiebreak "Koya+Number of black wins+Number of wins"]
[SourceTitle "playchess.com"]
[Source "ChessBase"]
[SourceQuality "1"]
[TimeControl "900+10"]

1. d4 Nf6 2. c4 e6 3. Nf3 d5 4. Nc3 c5 5. cxd5 cxd4 6. Qxd4 exd5 7. e4 dxe4 8. Qxd8+ Kxd8 9. Ng5 Be6 10. Nxe6+ fxe6 11. Bg5 Nc6 12. O-O-O+ Ke8 13. Bb5 Rc8 14. Kb1 Bb4 15. Bxf6 gxf6 16. Nxe4 f5 17. Ng5 Ke7 18. a3 Ba5 19. Bc4 Nd8 20. Bb5 Nc6 21. b4 Bb6 22. Rhe1 Nd4 23.
Rxd4 Bxd4 24. Rxe6+ Kf8 25. Rd6 h6 26. Nf3 Bxf2 27. Ne5 Rg8 28.
Ng6+ Kf7 29. Bc4+ Rxc4 30. Ne5+ Ke7 31. Nxc4 b5 32. Rd2 Rxg2 33. Nd6 f4 34. Nxb5 Rxh2 35. Kc2 Bg1 36. Rxh2 Bxh2 37. Kd3 h5 38. Ke4 a6 39. Nd4 Bg3 40. Ne2 Kd6 41. Nxf4 Bxf4 42. Kxf4 Kd5 43. a4 Kc4 44. b5 axb5 45. axb5 Kxb5 46. Kg5 h4 47. Kxh4 1/2-1/2

[Event "Magnus Carlsen Invitational 2021"]
[Site "Online"]
[Date "2021.03.10"]
[Round "9.3"]
[White "Van Foreest, Jorden"]
[Black "So, Wesley"]
[Result "0-1"]
[ECO "C45"]
[WhiteElo "2543"]
[BlackElo "2741"]
[Annotator "ChessBase"]
[PlyCount "110"]
[EventDate "2021.03.13"]
[EventType "tourn"]
[EventCountry "NET"]
[Tiebreak "Koya+Number of black wins+Number of wins"]
[SourceTitle "playchess.com"]
[Source "ChessBase"]
[SourceQuality "1"]
[TimeControl "900+10"]

1. e4 e5 2. Nf3 Nc6 3. d4 exd4 4. Nxd4 Nf6 5. Bb5 Bc5 6.
Nb3 Bb6 7. Nc3 d6 8. O-O Bg4 9. Qd3 O-O 10. Bxc6 bxc6 11. a4 a5 12. Bg5 h6 13. Bh4 g5 14. Bg3 Nh5 15. Nd4 Bd7 16. Rad1 Qf6 17. e5 dxe5 18. Ne4 Qg7 19. Nf3 Be6 20. Bxe5 f6 21. Ng3 fxe5 22. Nxh5 Qf7 23. Ng3 Bc4 24. Qe4 Bxf1 25. Rxf1 Rae8 26. h4 gxh4 27. Nxh4 Bxf2+ 28. Kh1 Re6 29. Qg4+ Kh7 30. Nh5 Rg8 31. Qe2 Rf8 32. Qg4 Qg8 33. Qe4+ Kh8 34. g3 Qg5 35. Qe2 Rd6 36. Kg2 Rdf6 37. Kh3 Bxg3 38. Nxg3 Rxf1 39. Nxf1 Rf4 40. Nf3 Qg4+ 41.
Kh2 Qxf3 42. Qxe5+ Kh7 43. Ng3 Rh4+ 44. Kg1 Rg4 45. Kh2 Rg7 46. b4 axb4 47. a5 c5 48. a6 c4 49. a7 b3 50. cxb3 cxb3 51.
Qe1 b2 52. Qb1+ Rg6 53. Qe1 b1=Q 54. a8=Q Qc2+ 55. Kh3 Qcg2+ 0-1

[Event "Magnus Carlsen Invitational 2021"]
[Site "Online"]
[Date "2021.03.10"]
[Round "9.4"]
[White "Vachier-Lagrave, Maxime"]
[Black "Pichot, Alan"]
[Result "1-0"]
[ECO "D00"]
[WhiteElo "2860"]
[BlackElo "2548"]
[Annotator "RC"]
[PlyCount "97"]
[EventDate "2021.03.13"]
[EventType "tourn"]
[EventCountry "NET"]
[Tiebreak "Koya+Number of black wins+Number of wins"]
[SourceTitle "playchess.com"]
[Source "ChessBase"]
[SourceQuality "1"]
[TimeControl "900+10"]

1. d4 Nf6 2. Bf4 d5 3. e3 c5 4. c3 Qb6 5. Qb3 c4 6. Qc2 g6 7. Nd2 Bg7 8. e4 e6 9. e5 Nfd7 10. b3 cxb3 11. axb3 O-O 12. Ngf3 f6 13. exf6 Nxf6 14. Bd3 Nc6 15. O-O Nh5 16. Be3 Nf4 17. b4 Bd7 18. Nb3 Nxd3 19. Qxd3 Ne7 20. Rfe1 Rxf3 21. gxf3 Rf8 22. Bg5 Nf5 23. Nc5 Bc8 24. Re2 h6 25. Bd2 a6 26. Rae1 Rf6 27. Kh1 Qd6 28. f4 Kh7 29. Qh3 b6 30. Nd3 a5 31. bxa5 bxa5 32. Nc5 Qb6 33.
Qd3 Bf8 34. Rb1 Qc7 35. Qb5 Bd6 36. Nd3 Rf7 37. Ne5 Rg7 38.
Be1 g5 39. fxg5 Rxg5 40. f4 Rg8 41. Rbb2 Bxe5 42. fxe5 Rg5 43. Rg2 Qf7 44. Rxg5 hxg5 45. Rg2 Qg6 46. Qe2 a4 47. h4 a3 48.
Rxg5 Qh6 49. Rh5 1-0

[Event "Magnus Carlsen Invitational 2021"]
[Site "Online"]
[Date "2021.03.10"]
[Round "9.5"]
[White "Firouzja, Alireza"]
[Black "Radjabov, Teimour"]
[Result "1-0"]
[ECO "E99"]
[WhiteElo "2703"]
[BlackElo "2758"]
[Annotator "RC"]
[PlyCount "63"]
[EventDate "2021.03.13"]
[EventType "tourn"]
[EventCountry "NET"]
[Tiebreak "Koya+Number of black wins+Number of wins"]
[SourceTitle "playchess.com"]
[Source "ChessBase"]
[SourceQuality "1"]
[TimeControl "900+10"]

1. d4 Nf6 2. Nf3 g6 3. c4 Bg7 4. Nc3 O-O 5. e4 d6 6. Be2 e5 7. O-O Nc6 8. d5 Ne7 9. Ne1 Nd7 10. Nd3 f5 11. f3 f4 12. b4 g5 13. c5 Rf6 14. a4 Rg6 15. Kh1 a6 16. Rg1 Nf6 17. Nf2 Nh5 18. g3 Rh6 19. Kg2 Nf6 20.
a5 Qe8 21. Rh1 Qg6 22. cxd6 cxd6 23. Na4 fxg3 24. hxg3 Rxh1 25.
Qxh1 g4 26. Nb6 Rb8 27. Ra3 h5 28. Qh4 gxf3+ 29. Bxf3 Bh6 30. Bxh5 Nxh5 31. Bxh6 Qf7 32. Rf3 1-0

[Event "Magnus Carlsen Invitational 2021"]
[Site "Online"]
[Date "2021.03.10"]
[Round "9.6"]
[White "Carlsen, Magnus"]
[Black "Karjakin, Sergey"]
[Result "1-0"]
[ECO "D61"]
[WhiteElo "2881"]
[BlackElo "2709"]
[Annotator "RC"]
[PlyCount "79"]
[EventDate "2021.03.13"]
[EventType "tourn"]
[EventCountry "NET"]
[Tiebreak "Koya+Number of black wins+Number of wins"]
[SourceTitle "playchess.com"]
[Source "ChessBase"]
[SourceQuality "1"]
[TimeControl "900+10"]

1. d4 Nf6 2. c4 e6 3. Nf3 d5 4. Nc3 Be7 5. Bg5 O-O 6. e3 Nbd7 7. Qc2 h6 8.
Bh4 c5 9. cxd5 Nxd5 10. Bxe7 Qxe7 11. Nxd5 exd5 12. dxc5 Nxc5 13. Be2 Bg4 14. O-O Rac8 15. Rad1 Rfd8 16. h3 Ne6 17. Qa4 Bxf3 18. Bxf3 Qc5 19. b4 Qc4 20. Qxa7 d4 21. exd4 Nxd4 22. Bxb7 Rc7 23. Qa5 Rcd7 24. Ba6 Qe6 25. Kh1 Rd6 26. b5 g6 27. a4 Qf5 28. Qb4 Qe5 29. Qc3 Qf4 30. Bb7 Nxb5 31. Rxd6 Nxc3 32. Rxd8+ Kg7 33. a5 Qc7 34. a6 Nb5 35. Rfd1 h5 36. Kg1 h4 37. R8d7 Qc2 38. Ra1 Qc3 39. Rdd1 g5 40. a7 1-0

[Event "Magnus Carlsen Invitational 2021"]
[Site "Online"]
[Date "2021.03.10"]
[Round "9.7"]
[White "Anton Guijarro, David"]
[Black "Nepomniachtchi, Ian"]
[Result "0-1"]
[ECO "E61"]
[WhiteElo "2674"]
[BlackElo "2778"]
[Annotator "RC"]
[PlyCount "84"]
[EventDate "2021.03.13"]
[EventType "tourn"]
[EventCountry "NET"]
[Tiebreak "Koya+Number of black wins+Number of wins"]
[SourceTitle "playchess.com"]
[Source "ChessBase"]
[SourceQuality "1"]
[TimeControl "900+10"]

1. d4 Nf6 2. c4 g6 3. Nf3 Bg7 4. e3 d6 5. Nc3 O-O 6. Be2 Re8 7. O-O Nc6 8. d5 Nb4 9. a3 Na6 10. Nd4 Bd7 11. e4 c5 12. Nc2 e6 13. dxe6 Bxe6 14. Bg5 h6 15.
Bf4 Qb6 16. Rb1 Rad8 17. Qd2 Kh7 18. Rfd1 Nb8 19. b4 cxb4 20. axb4 Qc6 21. b5 Qc8 22. Ne3 Nbd7 23. Bxd6 Nc5 24. Qc2 Nfd7 25. f3 Ne5 26. f4 Ned3 27. e5 Nxf4 28. Bf3 Nfd3 29. Ne4 Nxe4 30. Bxe4 Nxe5 31. c5 f5 32. Bd5 Bxd5 33. Rxd5 Nf7 34. Nc4 Re4 35. Qd3 Rxc4 36. Qxc4 Nxd6 37. Qd3 Ne4 38. Rc1 Rxd5 39. Qxd5 Nc3 40. Qc4 Qe8 41. Kf1 Nxb5 42. Qd5 Qc6 0-1

[Event "Magnus Carlsen Invitational 2021"]
[Site "Online"]
[Date "2021.03.10"]
[Round "9.8"]
[White "Grandelius, Nils"]
[Black "Mamedyarov, Shakhriyar"]
[Result "0-1"]
[ECO "B45"]
[WhiteElo "2632"]
[BlackElo "2761"]
[Annotator "RC"]
[PlyCount "72"]
[EventDate "2021.03.13"]
[EventType "tourn"]
[EventCountry "NET"]
[Tiebreak "Koya+Number of black wins+Number of wins"]
[SourceTitle "playchess.com"]
[Source "ChessBase"]
[SourceQuality "1"]
[TimeControl "900+10"]

1. e4 c5 2. Nf3 e6 3. d4 cxd4 4. Nxd4 Nf6 5. Nc3 Nc6 6. Nxc6 bxc6 7. e5 Nd5 8. Ne4 Qc7 9. f4 Rb8 10. Bd3 Be7 11. O-O O-O 12. c4 f5 13.
exf6 Nxf6 14. Qc2 h6 15. c5 Nd5 16. Qf2 Nb4 17. Bb1 Ba6 18.
Rd1 Nd5 19. g3 Qa5 20. a3 Qa4 21. Bc2 Qc4 22. b3 Qe2 23. Qxe2 Bxe2 24. Re1 Bg4 25. Bd2 Bf5 26. b4 a5 27. Rab1 axb4 28. axb4 Rb7 29. Bd3 Rfb8 30. Ba6 Bxe4 31. Rxe4 Bxc5+ 32. Kg2 Rb6 33. Bc4 Bxb4 34. Bxd5 Bxd2 35. Rxb6 Rxb6 36. Ba2 Rb2 0-1

[Event "Magnus Carlsen Invitational 2021"]
[Site "Online"]
[Date "2021.03.10"]
[Round "10.1"]
[White "Giri, Anish"]
[Black "Mamedyarov, Shakhriyar"]
[Result "1-0"]
[ECO "B45"]
[WhiteElo "2731"]
[BlackElo "2761"]
[Annotator "ChessBase"]
[PlyCount "93"]
[EventDate "2021.03.13"]
[EventType "tourn"]
[EventCountry "NET"]
[Tiebreak "Koya+Number of black wins+Number of wins"]
[SourceTitle "playchess.com"]
[Source "ChessBase"]
[SourceQuality "1"]
[TimeControl "900+10"]

1. e4 c5 2. Nf3 e6 3. d4 cxd4 4. Nxd4 Nf6 5. Nc3 Nc6 6. Ndb5 Bb4 7. a3 Bxc3+ 8. Nxc3 d5 9. Bd3 O-O 10. O-O d4 11. Ne2 e5 12. h3 Re8 13. b4 Nd7 14. f4 exf4 15. Bxf4 Nde5 16. b5 Na5 17. Rb1 Nec4 18. Bxc4 Nxc4 19. Qd3 Be6 20. Nxd4 Nxa3 21. Rb4 Bc4 22. Rxc4 Nxc4 23. Qxc4 Rxe4 24. c3 a6 25. bxa6 Rxa6 26. Bg3 Qd7 27. Kh2 h6 28. Qd3 Re8 29. Rf5 Rg6 30. Qf3 Rg5 31. Rf4 b5 32. Bh4 Rg6 33. Nf5 Kh7 34. Bf2 Qc7 35. Bg3 Qc6 36. Nd4 Qxf3 37. Rxf3 Rb6 38. Rxf7 b4 39. cxb4 Rxb4 40. Rd7 Rb2 41. Nf5 Kg6 42. Ne7+ Kh7 43. h4 Re2 44. Nd5 Kg8 45. Kh3 Rf8 46. Nf4 Rfe8 47. Nxe2 1-0

[Event "Magnus Carlsen Invitational 2021"]
[Site "Online"]
[Date "2021.03.10"]
[Round "10.2"]
[White "Nepomniachtchi, Ian"]
[Black "Grandelius, Nils"]
[Result "1/2-1/2"]
[ECO "A01"]
[WhiteElo "2778"]
[BlackElo "2632"]
[Annotator "ChessBase"]
[PlyCount "88"]
[EventDate "2021.03.13"]
[EventType "tourn"]
[EventCountry "NET"]
[Tiebreak "Koya+Number of black wins+Number of wins"]
[SourceTitle "playchess.com"]
[Source "ChessBase"]
[SourceQuality "1"]
[TimeControl "900+10"]

1. b3 d5 2. Bb2 Bg4 3. f3 Bh5 4. h4 f6 5. d4 e6 6. e3 Bd6 7. Ne2 Ne7 8. Nbc3 c6 9. Qd2 Nd7 10. O-O-O Qc7 11. g4 Bf7 12. h5 O-O-O 13. Kb1 Kb8 14. Nc1 e5 15. Nd3 f5 16. dxe5 Nxe5 17. Nxe5 Bxe5 18. f4 d4 19. exd4 Bxf4 20. Qf2 fxg4 21. Ne2 Nd5 22. Nxf4 Qxf4 23. Qxf4+ Nxf4 24. Bc4 Bxc4 25. bxc4 Rhe8 26.
Rhg1 Nxh5 27. Rxg4 Rd7 28. d5 Nf6 29. Bxf6 gxf6 30. Rf4 Re5 31.
Rxf6 cxd5 32. Rh6 d4 33. Kb2 Rc5 34. Kb3 Rc6 35. Rdh1 Rxh6 36. Rxh6 d3 37. cxd3 Rxd3+ 38. Kb4 Rd7 39. a4 Kc7 40. a5 Rg7 41.
a6 bxa6 42. Rxa6 Kb7 43. Rh6 Rf7 44. Kb5 a6+ 1/2-1/2

[Event "Magnus Carlsen Invitational 2021"]
[Site "Online"]
[Date "2021.03.10"]
[Round "10.4"]
[White "Radjabov, Teimour"]
[Black "Carlsen, Magnus"]
[Result "1/2-1/2"]
[ECO "D60"]
[WhiteElo "2758"]
[BlackElo "2881"]
[Annotator "RC"]
[PlyCount "69"]
[EventDate "2021.03.13"]
[EventType "tourn"]
[EventCountry "NET"]
[Tiebreak "Koya+Number of black wins+Number of wins"]
[SourceTitle "playchess.com"]
[Source "ChessBase"]
[SourceQuality "1"]
[TimeControl "900+10"]

1. d4 d5 2. c4 e6 3. Nf3 Nf6 4. Nc3 c6 5. Bg5 h6 6. Bh4 Be7 7. e3 Nbd7 8.
Bd3 O-O 9. O-O dxc4 10. Bxc4 b5 11. Bd3 Bb7 12. a3 a5 13.
Qe2 b4 14. Na4 c5 15. Bxf6 Bxf6 16. Nxc5 Nxc5 17. dxc5 Rc8 18.
Rfc1 Be7 19. Ba6 Bxf3 20. Qxf3 Rxc5 21. Rxc5 Bxc5 22. axb4 Bxb4 23. Qe2 Qf6 24. Rd1 Rb8 25. b3 g6 26. Bc4 h5 27. g3 Rd8 28. Rxd8+ Qxd8 29. Qd3 Qxd3 30. Bxd3 Kg7 31. Kg2 Bc5 32. Kf3 Bb4 33. Kg2 Bc5 34. Kf3 Bb4 35. Kg2 1/2-1/2

[Event "Magnus Carlsen Invitational 2021"]
[Site "Online"]
[Date "2021.03.10"]
[Round "10.5"]
[White "Pichot, Alan"]
[Black "Firouzja, Alireza"]
[Result "0-1"]
[ECO "B10"]
[WhiteElo "2548"]
[BlackElo "2703"]
[Annotator "ChessBase"]
[PlyCount "78"]
[EventDate "2021.03.13"]
[EventType "tourn"]
[EventCountry "NET"]
[Tiebreak "Koya+Number of black wins+Number of wins"]
[SourceTitle "playchess.com"]
[Source "ChessBase"]
[SourceQuality "1"]
[TimeControl "900+10"]

1. e4 c6 2. Nf3 d5 3. d3 g6 4. Qe2 Bg7 5. g3 Bg4 6. Bg2 e6 7. O-O Ne7 8. h3 Bxf3 9. Bxf3 O-O 10. Bg2 a5 11. Kh2 a4 12. a3 Re8 13. f4 c5 14. c3 Nbc6 15. Be3 Qb6 16. Qc2 d4 17. Bg1 Qb3 18. Rc1 Red8 19. Qxb3 axb3 20. e5 g5 21. Be4 gxf4 22. gxf4 Bh6 23. Rf1 Ng6 24. Kg3 Kh8 25. Nd2 dxc3 26. Nxb3 cxb2 27. Rab1 c4 28. dxc4 Rxa3 29. Rxb2 Na5 30. Bb6 Nxb3 31. Rf3 Bxf4+ 32. Kg4 Bxe5 33. Bxg6 Bxb2 34. Rxf7 hxg6 35. Bxd8 Nc5 36. Bb6 Ne4 37. Rxb7 Be5 38. Bd8 Rg3+ 39. Kh4 Nd6 0-1